 Dungeon Crawl Stone Soup version 0.32-a0-596-g69a5a37 (webtiles) character file.

Game seed: 14887427482389552196

328 Dorkslayer the Chopper (level 6, -5/47 HPs)
             Began as a Human Fighter on Mar 2, 2024.
             Slain by an ogre
             ... wielding a +0 giant club
              (20 damage)
             ... on level 4 of the Dungeon.
             The game lasted 00:09:46 (2475 turns).

Dorkslayer the Chopper (Human Fighter)              Turns: 2475, Time: 00:09:46

Health: -5/47      AC:  7    Str: 25    XL:     6   Next: 50%
Magic:  6/6        EV:  8    Int:  8    God:
Gold:   124        SH: 14    Dex: 12    Spells: 5/5 levels left

rFire   . . .        a - +2 war axe (venom)
rCold   . . .        o - +2 tower shield
rNeg    . . .        b - +0 scale mail
rPois   .            (no helmet)
rElec   .            (no cloak)
rCorr   .            (no gloves)
SInv    .            (no boots)
Will    .....        (no amulet) Stlth
                     m - +6 ring of strength
HPRegen 0.27/turn    (no ring)
MPRegen 0.10/turn

%: no passive effects
@: no status effects
A: explore regen
a: no special abilities


You were on level 4 of the Dungeon.
You visited 1 branch of the dungeon, and saw 4 of its levels.

You collected 154 gold pieces.
You spent 30 gold pieces at shops.

Inventory:

Hand Weapons
 a - a +2 war axe of venom (weapon)
Armour
 b - a +0 scale mail (worn)
 o - a +2 tower shield (worn)
Jewellery
 m - a +6 ring of strength (left hand)
Wands
 k - a wand of flame (23)
Scrolls
 f - a scroll of acquirement {unknown}
 g - a scroll of fear {unknown}
Potions
 c - a potion of ambrosia
 d - a potion of might
 e - 2 potions of curing
 j - 2 potions of heal wounds
 l - a potion of cancellation


   Skills:
 + Level 3.6 Fighting
 + Level 4.0 Axes
 + Level 3.8 Armour
 * Level 2.2 Dodging
 * Level 3.9 Shields
 * Level 1.6 Evocations


You had 5 spell levels left.
You didn't know any spells.
Your spell library contained the following spells:

 Spells                   Type           Power      Damage    Failure   Level
 Freeze                   Ice            0%         1d3       99%         1
 Sting                    Conj/Alch      0%         1d3       99%         1
 Blink                    Tloc           0%         N/A       100%        2
 Call Imp                 Summ           0%         N/A       100%        2
 Lesser Beckoning         Tloc           0%         N/A       100%        2
 Mercury Vapours          Alch/Air       0%         N/A       100%        2
 Momentum Strike          Conj/Tloc      0%         3d8       100%        2
 Sublimation of Blood     Necr           0%         N/A       100%        2
 Frozen Ramparts          Ice            0%         1d1       100%        3
 Hailstorm                Conj/Ice       0%         3d5       100%        3
 Olgreb's Toxic Radiance  Alch           0%         N/A       100%        4
 Vhi's Electric Charge    Tloc/Air       0%         N/A       100%        4
 Arcjolt                  Conj/Air       0%         1d10      100%        5
 Summon Hydra             Summ           0%         N/A       100%        7
 Maxwell's Capacitive Co  Air            0%         ∞         100%        8


Dungeon Overview and Level Annotations

Branches:
Dungeon (4/15)
 Temple: D:4-7

Altars:
Elyvilon
Hepliaklqana
Uskayaw
Wu Jian
Xom

Shops:
D:3 :?[([   D:4 !


Innate Abilities, Weirdness & Mutations

You regain HP and MP as you explore.


Message History

You now have 124 gold pieces (gained 13).
A dart slug comes into view.
You slash the dart slug!
You kill the dart slug!
Found a leather armour.
Found a long sword.
Found an ornate altar of the Wu Jian Council.
Found a potion of curing.
Found a hide-covered altar of Uskayaw.
Found a shimmering altar of Xom.
e - 2 potions of curing (gained 1)
Found a white marble altar of Elyvilon.
You pick up a book of Blood and begin reading...
You add the spells Call Imp, Sublimation of Blood and Summon Hydra to your library.
An adder comes into view.
The adder hisses angrily.
You slash the adder!
The adder is poisoned.
The adder is severely wounded.
You kill the adder!
Your Axes skill increases to level 4!
Found a long jewelled staff.
You see here an adder corpse.
You see here an adder corpse.
An ogre comes into view. It is wielding a +0 giant club.
The ogre shouts!
The ogre moves out of view.
The ogre hits you with a +0 giant club!
You slash the ogre!
The ogre is moderately wounded.
You block the ogre's attack.
You completely miss the ogre.
The ogre is moderately wounded.
You block the ogre's attack.
You completely miss the ogre.
The ogre is moderately wounded.
The ogre hits you with a +0 giant club!!
You hit the ogre.
The ogre is poisoned.
The ogre is heavily wounded.
The ogre hits you with a +0 giant club!!
You die...

#..# #..# #..# ### ##
##..#### ##.##ß##
......# # #_....⌠#
...... .#
#######..### #O##.#
.# ....#....._#
#@##.# .#
.######..### #.##.#
.. ....##.....#
#.##.####.#.#|#
.##.###..###
#.....†......#
....#_...).#
####.#########
[.#.###..### #.#
..#.#_.....### #.#
..#.##ß..ß##.## #.#
..........###.#####.#


You could see an ogre (very poisoned).

Vanquished Creatures
  An ogre (D:3)
  A scorpion (D:4)
  An orc wizard (D:3)
  8 adders
  3 dart slugs
  2 orcs (D:3)
  8 endoplasms
  3 giant cockroaches
  4 goblins
  5 hobgoblins
  5 jackals
  9 kobolds
  4 quokkas
  11 ball pythons
  6 bats
  3 frilled lizards
  12 rats
86 creatures vanquished.

Notes
Turn   | Place    | Note
-------+----------+-------------------------------------------
     0 | D:1      | Dorkslayer the Human Fighter began the quest for the Orb.
     0 | D:1      | Reached XP level 1. HP: 18/18 MP: 1/1
   167 | D:1      | Reached XP level 2. HP: 24/24 MP: 2/2
   434 | D:1      | Reached XP level 3. HP: 25/29 MP: 3/3
   540 | D:1      | Reached skill level 1 in Dodging
   903 | D:2      | Reached skill level 3 in Axes
   938 | D:2      | Reached XP level 4. HP: 34/35 MP: 4/4
  1537 | D:3      | Found Otitav's Antique Armour Emporium.
  1652 | D:3      | Found Affihi's Antique Armour Emporium.
  1701 | D:3      | Found Ixae's Weapon Shop.
  1736 | D:3      | Reached XP level 5. HP: 41/41 MP: 5/5
  1850 | D:3      | Found Poli's Magic Scroll Boutique.
  1941 | D:3      | Found a faded altar of an unknown god.
  2112 | D:3      | Reached skill level 1 in Evocations
  2123 | D:3      | Noticed an ogre
  2130 | D:3      | Killed an ogre
  2131 | D:3      | Reached XP level 6. HP: 47/47 MP: 6/6
  2137 | D:3      | Found Eneasmoz's Book Shop.
  2270 | D:4      | Found Vucuerr's Distillery.
  2290 | D:4      | Bought a potion of curing for 30 gold pieces
  2328 | D:4      | Found a hazy altar of Hepliaklqana.
  2412 | D:4      | Found an ornate altar of the Wu Jian Council.
  2414 | D:4      | Found a hide-covered altar of Uskayaw.
  2419 | D:4      | Found a shimmering altar of Xom.
  2422 | D:4      | Found a white marble altar of Elyvilon.
  2462 | D:4      | Reached skill level 4 in Axes
  2475 | D:4      | Slain by an ogre

Illustrated notes

Levels and vault maps discovered:
D:1:      minmay_arrival_five_plusses, layout_basic
D:2:      layout_basic, nicolae_titane
D:3:      layout_loops_ring, serial_shops, nicolae_shop_statue_plus,
          nicolae_shop_window_shopping, nicolae_shop_peninsula,
          nicolae_shop_hallway_plus, nicolae_shop_back_alley_shop,
          chequers_ecumenical_altar_twisty
D:4:      layout_loops_ring, mainiacjoe_overflow_six_doors_small, minitemple,
          serial_shops, shop, reono_crystal_passage

Skill      XL: |  1  2  3  4  5  6 |
---------------+-------------------+-----
Dodging        | 1 2 |  2.2
Axes           | 3 4 |  4.0
Evocations     | 1 |  1.6
Fighting       | |  3.6
Armour         | |  3.8
Shields        | |  3.9

Action                     |  1- 3 |  4- 6 || total
---------------------------+-------+-------++-------
  Melee: War axe           |   123 |   111 ||   234
    Use: Scroll            |       |     9 ||     9
         Potion            |       |     1 ||     1
 Armour: Scale mail        |   136 |    82 ||   218
  Dodge: Dodged            |    72 |    38 ||   110
  Block: Buckler           |    37 |    10 ||    47
         Tower shield      |       |    69 ||    69

Table legend: (Time is in decaauts)
 A = Elapsed time spent in this place.
 B = Non-inter-level travel time spent in this place.
 C = Inter-level travel time spent in this place.
 D = Time resting spent in this place.
 E = Time spent auto-exploring this place.
 F = Levels seen in this place.
 G = Mean time per level.
                   A        B        C        D        E       F      G
               +--------+--------+--------+--------+--------+-----+--------+
         Total |   2584 |   2584 |      0 |      0 |   1096 |   4 |  646.0 |
       Dungeon |   2584 |   2584 |      0 |      0 |   1096 |   4 |  646.0 |
               +--------+--------+--------+--------+--------+-----+--------+

Top non-repeatable levels by time:
     D:2: 818 daAuts
     D:3: 800 daAuts
     D:1: 751 daAuts
     D:4: 214 daAuts
